 Dungeon Crawl Stone Soup version 0.30-a0-1008-g30c9307041 (webtiles) character file.

Game seed: 4890776828650407382

2704 a3don the Frost Mage (level 9, -3/66 HPs)
             Began as a Gnoll Ice Elementalist on Apr 5, 2023.
             Was an Initiate of Gozag.
             Slain by a wraith (6 damage)
             ... on level 7 of the Dungeon.
             The game lasted 00:13:13 (7170 turns).

a3don the Frost Mage (Gnoll Ice Elementalist)       Turns: 7170, Time: 00:13:15

Health: -3/66      AC: 18    Str:  7    XL:     9   Next: 65%
Magic:  17/19      EV: 14    Int: 25    God:    Gozag
Gold:   588        SH:  0    Dex: 13    Spells: 6/21 levels left

rFire   + + .      SeeInvis .    N - +4 battleaxe
rCold   . . .      Faith    .    (shield currently unavailable)
rNeg    . . .      Spirit   .    u - +2 robe {rC+ rF+}
rPois   .          Reflect  .    v - +2 hat
rElec   .          Rampage  .    (no cloak)
rCorr   .                        f - +2 pair of gloves
Will    .....                    (no boots)
Stlth   +++                      l - amulet of the acrobat
HPRegen 0.31/turn                d - +6 ring of intelligence
MPRegen 0.16/turn                G - ring of fire

@: ice-armoured, slowed, very slow
A: fangs 1, strong nose, distributed training
a: Renounce Religion, Potion Petition, Call Merchant, Bribe Branch


You were on level 7 of the Dungeon.
You worshipped Gozag.
Gozag was pleased with you.
You visited 1 branch of the dungeon, and saw 7 of its levels.

You collected 707 gold pieces.
You spent 26 gold pieces at shops.
You paid 93 gold pieces to Gozag.

Inventory:

Hand Weapons
 e - a +0 dagger
 w - a +2 heavy mace
 F - a +0 heavy arbalest
 N - a +4 battleaxe (weapon)
 Q - a +2 falchion of holy wrath
 T - a +2 morningstar of flaming
 V - a +1 whip of flaming
Missiles
 c - 25 stones (quivered)
 p - 2 throwing nets
 t - 2 silver javelins
 E - 5 javelins
 R - 3 boomerangs
Armour
 a - a +0 robe
 f - a +2 pair of gloves (worn)
 u - a +2 robe of resistance (worn)
 v - a +2 hat (worn)
 S - a +0 helmet
 U - +0 steam dragon scales
Jewellery
 d - a +6 ring of intelligence (left hand)
 l - an amulet of the acrobat (around neck)
 r - a +4 ring of protection
 G - a ring of fire (right hand)
 L - a ring of ice
Wands
 J - a wand of flame (29)
 P - a wand of polymorph (4)
 X - a wand of mindburst (12)
Scrolls
 j - 3 scrolls of teleportation {unknown}
 k - 2 scrolls of immolation {unknown}
 m - 2 scrolls of enchant weapon {unknown}
 n - 3 scrolls of vulnerability {unknown}
 o - a scroll of silence {unknown}
 q - a scroll of poison {unknown}
 s - a scroll of amnesia {unknown}
 y - a scroll of enchant armour {unknown}
 z - a scroll of magic mapping {unknown}
 C - a scroll of identify
 H - a scroll of butterflies {unknown}
 I - a scroll of noise {unknown}
 O - 2 scrolls of fear {unknown}
Potions
 b - 2 potions of magic
 g - a potion of might
 h - 3 potions of brilliance
 i - a potion of berserk rage {unknown}
 x - a potion of attraction {unknown}
 A - 3 potions of curing {unknown}
 B - 2 potions of ambrosia {unknown}
 D - a potion of lignification {unknown}
 K - 2 potions of heal wounds {unknown}
 M - a potion of flight {unknown}
 W - a potion of degeneration {unknown}


   Skills:
 + Level 4.6 Fighting
 + Level 4.6 Short Blades
 + Level 4.6 Long Blades
 + Level 4.6 Axes
 + Level 4.6 Maces & Flails
 + Level 4.6 Polearms
 + Level 4.6 Staves
 + Level 4.6 Ranged Weapons
 + Level 4.6 Throwing
 + Level 4.6 Armour
 + Level 6.6 Dodging
 + Level 6.3 Stealth
 + Level 4.6 Shields
 + Level 4.6 Unarmed Combat
 + Level 6.9 Spellcasting
 + Level 3.8 Conjurations
 + Level 3.8 Hexes
 + Level 3.8 Summonings
 + Level 3.8 Necromancy
 + Level 3.8 Translocations
 + Level 3.8 Transmutations
 + Level 3.8 Fire Magic
 + Level 8.1 Ice Magic
 + Level 3.8 Air Magic
 + Level 3.8 Earth Magic
 + Level 3.8 Poison Magic
 + Level 5.1 Invocations
 + Level 4.6 Evocations


You had 6 spell levels left.
You knew the following spells:

 Your Spells              Type           Power      Damage    Failure   Level
a - Freeze                Ice            100%       1d10      1%          1
b - Frozen Ramparts       Ice            98%        1d15      1%          3
c - Ozocubu's Armour      Ice            49%        N/A       1%          3
d - Tukima's Dance        Hex            27%        N/A       4%          3
e - Blade Hands           Tmut           13%        N/A       36%         5

Your spell library contained the following spells:

 Spells                   Type           Power      Damage    Failure   Level
 Sublimation of Blood     Necr           27%        N/A       2%          2
 Wereblood                Tmut           27%        N/A       2%          2
 Portal Projectile        Hex/Tloc       54%        N/A       4%          3
 Ice Form                 Ice/Tmut       38%        N/A       6%          4
 Summon Ice Beast         Ice/Summ       38%        N/A       6%          4
 Summon Hydra             Summ           13%        N/A       100%        7


Dungeon Overview and Level Annotations

Branches:
Dungeon (7/15)             Temple (0/1) D:6

Altars:
Ashenzari
Fedhas
Gozag
Kikubaaqudgha
Qazlal
The Shining One

Shops:
D:1 *

Annotations:
D:7 1 transporter, Newt's ghost, novice KoHu


Innate Abilities, Weirdness & Mutations

You have very sharp teeth.
Your uncanny sense of smell can sniff out nearby items.
Your experience applies equally to all skills.


Message History

The wraith hits you!
* * * LOW HITPOINT WARNING * * *
The wraith drains your vigour!
You feel as though you will be slow longer.
The vampire mosquito bites you but does no damage.
The wraith hits you.
* * * LOW HITPOINT WARNING * * *
The wraith drains your vigour!
You feel as though you will be slow longer.
Casting: Frozen Ramparts (safe; 1% risk of failure)
Confirm with . or Enter, or press ? or * to list all spells.
A film of ice covers your body! The vampire mosquito misses you.
The vampire mosquito bites you!
* * * LOW HITPOINT WARNING * * *
The vampire mosquito draws strength from your injuries!
The wraith hits you.
* * * LOW HITPOINT WARNING * * *
The wraith drains your vigour!
You feel as though you will be slow longer.
The vampire mosquito barely misses you. The wraith hits you but does no damage.
You closely miss the wraith.
The wraith is severely damaged.
You miss the vampire mosquito.
The vampire mosquito bites you but does no damage. x2
The vampire mosquito closely misses you.
The wraith hits you but does no damage.
The vampire mosquito bites you but does no damage.
The wraith closely misses you. The vampire mosquito bites you.
* * * LOW HITPOINT WARNING * * *
The vampire mosquito draws strength from your injuries!
Unknown command.
You hit the wraith.
The wraith is almost destroyed.
You miss the vampire mosquito. The vampire mosquito bites you.
* * * LOW HITPOINT WARNING * * *
The vampire mosquito draws strength from your injuries!
The vampire mosquito closely misses you.
The wraith hits you.
You die...
Your body crumbles into a pile of gold.

KF....©#...#.........#
#...##.#...#.........#
#...##C#...##........#
..©...5#...###.......#
.##W#...###.......#
##F#....##.......#
...o#....$........#
..8##...##........##
####...##...W@.....#
....... #...y......#
....... #..........#
.##................#
..................#
##........##.######
#####. ..# ## ###


You could see a wraith and a vampire mosquito.

Vanquished Creatures
  Pikel (D:7)
  Maggie (D:7)
  A troll (D:6)
  A vampire mosquito (D:7)
  A water moccasin (D:6)
  2 ice beasts
  An orc warrior (D:7)
  A sky beast (D:7)
  An ogre (D:5)
  4 lemures (D:7)
  A phantom (D:6)
  3 scorpions
  4 wights (D:6)
  A howler monkey (D:6)
  2 hounds
  3 orc priests
  A jelly (D:6)
  5 iguanas
  4 gnolls (D:2)
  9 adders
  A shadow imp (D:7)
  A white imp (D:6)
  3 dart slugs
  16 orcs
  9 ball pythons
  3 bats
  10 endoplasms
  2 giant cockroaches
  5 hobgoblins
  10 jackals
  5 quokkas
  A frilled lizard (D:3)
  11 goblins
  6 kobolds
  4 rats
  A spectral goblin (D:3)
135 creatures vanquished.

Notes
Turn   | Place    | Note
-------+----------+-------------------------------------------
     0 | D:1      | a3don the Gnoll Ice Elementalist began the quest for the
                  | Orb.
     0 | D:1      | Reached XP level 1. HP: 13/13 MP: 6/6
    73 | D:1      | Reached XP level 2. HP: 17/19 MP: 3/7
   809 | D:1      | Reached skill level 5 in Spellcasting
   809 | D:1      | Reached XP level 3. HP: 25/25 MP: 5/9
   883 | D:1      | Found Diar's General Store.
   887 | D:1      | Bought a scroll of identify for 26 gold pieces
  1131 | D:2      | Reached skill level 1 in Invocations
  1134 | D:2      | Reached skill level 1 in Fighting
  1134 | D:2      | Reached skill level 1 in Short Blades
  1134 | D:2      | Reached skill level 1 in Long Blades
  1134 | D:2      | Reached skill level 1 in Axes
  1134 | D:2      | Reached skill level 1 in Maces & Flails
  1134 | D:2      | Reached skill level 1 in Polearms
  1134 | D:2      | Reached skill level 1 in Staves
  1134 | D:2      | Reached skill level 1 in Ranged Weapons
  1134 | D:2      | Reached skill level 1 in Throwing
  1134 | D:2      | Reached skill level 1 in Armour
  1134 | D:2      | Reached skill level 1 in Shields
  1134 | D:2      | Reached skill level 1 in Unarmed Combat
  1134 | D:2      | Reached skill level 1 in Evocations
  1177 | D:2      | Learned a level 3 spell: Frozen Ramparts
  1181 | D:2      | Learned a level 3 spell: Ozocubu's Armour
  1226 | D:2      | Reached XP level 4. HP: 31/32 MP: 4/11
  1554 | D:2      | Reached skill level 1 in Conjurations
  1554 | D:2      | Reached skill level 1 in Hexes
  1554 | D:2      | Reached skill level 1 in Summonings
  1554 | D:2      | Reached skill level 1 in Necromancy
  1554 | D:2      | Reached skill level 1 in Translocations
  1554 | D:2      | Reached skill level 1 in Transmutations
  1554 | D:2      | Reached skill level 1 in Fire Magic
  1554 | D:2      | Reached skill level 1 in Air Magic
  1554 | D:2      | Reached skill level 1 in Earth Magic
  1554 | D:2      | Reached skill level 1 in Poison Magic
  2260 | D:3      | Reached XP level 5. HP: 37/37 MP: 8/12
  2356 | D:3      | Found a faded altar of an unknown god.
  2472 | D:3      | Found a blossoming altar of Fedhas.
  3405 | D:4      | Reached XP level 6. HP: 36/44 MP: 8/13
  3853 | D:5      | Entered Level 5 of the Dungeon
  3901 | D:5      | Learned a level 3 spell: Tukima's Dance
  3907 | D:5      | Learned a level 5 spell: Blade Hands
  3965 | D:5      | Reached skill level 5 in Dodging
  4082 | D:5      | Found a stormy altar of Qazlal.
  4082 | D:5      | Found a broken altar of Ashenzari.
  4082 | D:5      | Found an ancient bone altar of Kikubaaqudgha.
  4169 | D:5      | Found a glowing golden altar of the Shining One.
  4474 | D:5      | Found an opulent altar of Gozag.
  4498 | D:5      | Became a worshipper of Gozag Ym Sagoz the Greedy
  4525 | D:5      | Reached XP level 7. HP: 50/50 MP: 7/15
  5050 | D:6      | Reached skill level 5 in Stealth
  5365 | D:6      | Reached XP level 8. HP: 58/58 MP: 9/16
  5415 | D:6      | Found a staircase to the Ecumenical Temple.
  5562 | D:6      | Noticed a troll
  5572 | D:6      | Killed a troll
  6517 | D:7      | Noticed a cyclops
  6517 | D:7      | Noticed Newt's ghost (novice KoHu)
  6698 | D:7      | Noticed Maggie
  6710 | D:7      | Killed Maggie
  6711 | D:7      | Reached XP level 9. HP: 34/65 MP: 12/18
  6824 | D:7      | Reached skill level 8 in Ice Magic
  6978 | D:7      | Noticed Pikel
  6991 | D:7      | Killed Pikel
  6992 | D:7      | Reached skill level 5 in Invocations
  7081 | D:7      | Found a transporter.
  7102 | D:7      | Noticed a two-headed ogre
  7169 | D:7      | HP: 3/66 [vampire mosquito (4)]
  7170 | D:7      | Slain by a wraith

Illustrated notes

Levels and vault maps discovered:
D:1:      tarquinn_simple_flora_water_d, layout_basic, serial_forest,
          infiniplex_forest_clump_small, infiniplex_forest_end_double,
          infiniplex_forest_lined_corner, infiniplex_forest_zigzag_2,
          infiniplex_forest_lined_2, serial_shops, shop
D:2:      layout_basic, kennysheep_generic_room_3
D:3:      layout_loops_ring, fedhas_altar_1,
          dreamdust_ecumenical_altar_drowned_temple
D:4:      layout_gridville, minmay_puff
D:5:      layout_loops_ring, mainiacjoe_overflow_brackets,
          grunt_temple_overflow_cloverleaf
D:6:      layout_basic, minmay_temple_entry_large_hall
D:7:      layout_rooms, gammafunk_ghost_arena, uniq_maggie, uniq_pikel

Skill      XL: |  1  2  3  4  5  6  7  8  9 |
---------------+----------------------------+-----
Spellcasting   | 5 6 |  6.9
Invocations    | 1 2 3 4 5 |  5.1
Fighting       | 1 2 3 4 |  4.6
Short Blades   | 1 2 3 4 |  4.6
Long Blades    | 1 2 3 4 |  4.6
Axes           | 1 2 3 4 |  4.6
Maces & Flails | 1 2 3 4 |  4.6
Polearms       | 1 2 3 4 |  4.6
Staves         | 1 2 3 4 |  4.6
Ranged Weapons | 1 2 3 4 |  4.6
Throwing       | 1 2 3 4 |  4.6
Armour         | 1 2 3 4 |  4.6
Shields        | 1 2 3 4 |  4.6
Unarmed Combat | 1 2 3 4 |  4.6
Evocations     | 1 2 3 4 |  4.6
Conjurations   | 1 2 3 |  3.8
Hexes          | 1 2 3 |  3.8
Summonings     | 1 2 3 |  3.8
Necromancy     | 1 2 3 |  3.8
Translocations | 1 2 3 |  3.8
Transmutations | 1 2 3 |  3.8
Fire Magic     | 1 2 3 |  3.8
Air Magic      | 1 2 3 |  3.8
Earth Magic    | 1 2 3 |  3.8
Poison Magic   | 1 2 3 |  3.8
Dodging        | 5 6 |  6.6
Stealth        | 5 6 |  6.3
Ice Magic      | 8 |  8.1

Action                     |  1- 3 |  4- 6 |  7- 9 || total
---------------------------+-------+-------+-------++-------
  Melee: Unarmed           |     2 |       |       ||     2
         Dagger            |    19 |    48 |    19 ||    86
         Bite              |     1 |     9 |    12 ||    22
         Punch             |       |     2 |     1 ||     3
         Battleaxe         |       |       |    92 ||    92
  Throw: Stone             |       |     3 |    10 ||    13
   Cast: Freeze            |    29 |    53 |     7 ||    89
         Frozen Ramparts   |     1 |    14 |    25 ||    40
         Ozocubu's Armour  |       |     3 |    19 ||    22
         Tukima's Dance    |       |     3 |       ||     3
    Use: Scroll            |     2 |       |       ||     2
   Stab: Sleeping          |     7 |     4 |       ||    11
 Armour: Robe              |     8 |    20 |    48 ||    76
  Dodge: Dodged            |    37 |    61 |   115 ||   213

Table legend: (Time is in decaauts)
 A = Elapsed time spent in this place.
 B = Non-inter-level travel time spent in this place.
 C = Inter-level travel time spent in this place.
 D = Time resting spent in this place.
 E = Time spent auto-exploring this place.
 F = Levels seen in this place.
 G = Mean time per level.
                   A        B        C        D        E       F      G
               +--------+--------+--------+--------+--------+-----+--------+
         Total |   7211 |   7058 |    153 |    520 |   5347 |   7 | 1030.1 |
       Dungeon |   7211 |   7058 |    153 |    520 |   5347 |   7 | 1030.1 |
               +--------+--------+--------+--------+--------+-----+--------+

Top non-repeatable levels by time:
     D:6: 1609 daAuts
     D:1: 1083 daAuts
     D:5: 1059 daAuts
     D:4: 999 daAuts
     D:2: 918 daAuts
     D:3: 850 daAuts
     D:7: 690 daAuts
